 Dungeon Crawl Stone Soup version 0.22-a0-422-g9628fc8 (webtiles) character file.

16666 Firecrotchwizard the Grappler (level 12, -1/127 HPs)
             Began as a Troll Fighter on May 20, 2018.
             Was a High Priest of Okawaru.
             Slain by a seven-headed hydra (9 damage)
             ... on level 1 of the Lair of Beasts.
             The game lasted 00:22:18 (10203 turns).

Firecrotchwizard the Grappler (Troll Fighter)      Turns: 10203, Time: 00:22:19

Health: -1/127     AC: 10    Str: 31    XL:     12   Next: 12%
Magic:  10/11      EV: 13    Int:  7    God:    Okawaru [*****.]
Gold:   761        SH: 13    Dex:  9    Spells: 11/11 levels left

rFire    . . .     SeeInvis .     - Unarmed
rCold    . . .     Gourm    +   b - +0 shield
rNeg     + . .     Faith    +   s - +2 robe {rN+}
rPois    .         Spirit   .   (helmet restricted)
rElec    .         Reflect  .   q - +1 cloak
rCorr    .         Harm     .   (gloves unavailable)
MR       .....                  (boots unavailable)
Stlth    ++++......             K - amulet of faith {Faith, !P}
HPRegen  0.71/turn              y - +3 ring of intelligence
MPRegen  0.12/turn              g - ring of stealth {Stlth+}

@: heroism
A: large, unfitting armour, claws 3, fast metabolism 3, gourmand, regeneration
1, shaggy fur 1, tough skin 2
a: Heroism, Finesse, Renounce Religion


You were on level 1 of the Lair of Beasts.
You worshipped Okawaru.
Okawaru was extremely pleased with you.
You were very full.

You visited 3 branches of the dungeon, and saw 12 of its levels.

You collected 761 gold pieces.

Inventory:

Missiles
 p - 8 steel javelins
 v - 9 large rocks (quivered) {!d}
Armour
 b - a +0 shield (worn)
 q - a +1 cloak (worn)
   (You found it on level 5 of the Dungeon)
 r - a scarf of resistance
   (You found it on level 9 of the Dungeon)
 s - a +2 robe of positive energy (worn)
   (Okawaru gifted it to you on level 9 of the Dungeon)
 z - a scarf of spirit shield
   (You found it on level 1 of the Lair of Beasts)
Jewellery
 g - a ring of stealth (right claw) {Stlth+}
   (You found it on level 5 of the Dungeon)
 t - an uncursed ring of flight {+Fly, !d}
   (You found it on level 4 of the Dungeon)
 y - a +3 ring of intelligence (left claw)
   (You found it on level 1 of the Lair of Beasts)
 F - an uncursed ring of protection from cold {rC+, !d}
   (You found it on level 8 of the Dungeon)
 K - an amulet of faith (around neck) {Faith, !P}
   (You found it on level 8 of the Dungeon)
Scrolls
 f - a scroll of amnesia
 h - a scroll of magic mapping {!r}
 i - 7 scrolls of remove curse
 k - 2 scrolls of identify
 l - 4 scrolls of enchant weapon
 n - 2 scrolls of fear
 x - 4 scrolls of teleportation
 M - a scroll of blinking {!r}
Potions
 c - 3 potions of might
 e - 2 potions of flight {unknown}
 j - 2 potions of haste
 m - 3 potions of berserk rage {unknown}
 o - 2 potions of brilliance
 u - 6 potions of curing
 w - 2 potions of heal wounds {unknown}
 C - 2 potions of lignification {!q}
 E - a potion of agility {unknown}
 G - a potion of resistance {unknown}
 J - a potion of ambrosia {unknown}
Miscellaneous
 H - a fan of gales
   (You found it on level 9 of the Dungeon)
Comestibles
 d - 23 rations {@e1}


   Skills:
 + Level 10.3(15.3) Fighting
 + Level 3.6(8.6) Armour
 - Level 2.4(7.4) Dodging
 - Level 9.0(14.0) Shields
 - Level 11.7(16.7) Unarmed Combat


You had 11 spell levels left.
You didn't know any spells.
Your spell library contained the following spells:

 Spells                   Type           Power        Failure   Level  Hunger
 Bolt of Magma            Conj/Fire/Erth #.........   100%        5    ######.
 Mephitic Cloud           Conj/Pois/Air  #.......     80%         3    ####...
 Venom Bolt               Conj/Pois      #.........   100%        5    ######.
 Olgreb's Toxic Radiance  Pois           #.......     99%         4    #####..
 Lehudib's Crystal Spear  Conj/Erth      #.........   100%        8    #######
 Fire Storm               Conj/Fire      #.........   100%        9    #######
 Poison Arrow             Conj/Pois      #.........   100%        6    #######
 Sting                    Conj/Pois      #...         43%         1    ##.....
 Iron Shot                Conj/Erth      #.........   100%        6    #######
 Glaciate                 Conj/Ice       #.........   100%        9    #######
 Chain Lightning          Conj/Air       #.........   100%        8    #######
 Orb of Destruction       Conj           #.........   100%        7    #######
 Iskenderun's Battlesphe  Conj/Chrm      #.......     100%        5    ######.
 Spellforged Servitor     Conj/Summ      #.........   100%        7    #######
 Poisonous Vapours        Pois/Air       #.....       56%         2    ###....


Dungeon Overview and Level Annotations

Branches:
Dungeon (10/15)            Temple (1/1) D:4            Lair (1/6) D:9
    Orc: D:9-12

Altars:
Ashenzari
Cheibriados
Dithmenos
Elyvilon
Gozag
Hepliaklqana
Kikubaaqudgha
Makhleb
Nemelex Xobeh
Okawaru
Qazlal
Ru
Sif Muna
Uskayaw
Vehumet
Wu Jian
Xom
Zin
The Shining One

Shops:
D:9 [

Annotations:
D:9 exclusion: Prince Ribbit


Innate Abilities, Weirdness & Mutations

You are too large for most types of armour.
You have claws for hands.
Your metabolism is lightning-fast.
You like to eat raw meat.
Your natural rate of healing is unusually fast.
You are covered in fur. (AC +1)
You have very tough skin. (AC +2)


Message History

a - an uncursed amulet of harm Drop what? 34/52 slots (_ for help) (? for menu, Esc to quit)
You drop an uncursed amulet of harm.
A water moccasin comes into view.
The water moccasin hisses angrily.
You block the water moccasin's attack.
You barely miss the water moccasin. The water moccasin closely misses you.
You barely miss the water moccasin. You block the water moccasin's attack.
You miss the water moccasin. You block the water moccasin's attack.
You miss the water moccasin. You block the water moccasin's attack.
You closely miss the water moccasin. You block the water moccasin's attack.
You barely miss the water moccasin.
The water moccasin completely misses you.
You mangle the water moccasin!!
You kill the water moccasin!
Okawaru accepts your kill.
You see here a water moccasin corpse.
i - 7 scrolls of remove curse (gained 1)
You now have 761 gold pieces (gained 23).
A crocodile comes into view.
A seven-headed hydra comes into view.
The seven-headed hydra roars!
A bullfrog comes into view.
The crocodile bites you but does no damage.
You gain the combat prowess of a mighty hero.
You block the crocodile's attack.
You now have 9/11 mp.
Throwing (i - inventory. (/) - cycle)
v - 14 large rocks (quivered)
{!d}
Aim: a crocodile You throw a large rock {!d}.
The bullfrog gives a loud, deep croak!
The large rock {!d} hits the crocodile!!!
You kill the crocodile!
Okawaru accepts your kill.
Health restored: 127 Throwing (i - inventory. (/) - cycle)
v - 13 large rocks (quivered)
{!d}
Aim: a seven-headed hydra You throw a large rock {!d}.
The large rock {!d} hits the seven-headed hydra.
You block the seven-headed hydra's attack.
The seven-headed hydra bites you.
The seven-headed hydra bites you but does no damage.
You block the seven-headed hydra's attack.
The seven-headed hydra misses you.
You block the seven-headed hydra's attack.
The seven-headed hydra barely misses you.
You block the seven-headed hydra's attack.
The seven-headed hydra bites you but does no damage.
The seven-headed hydra bites you. x3
You block the seven-headed hydra's attack.
The seven-headed hydra bites you!
You take 24 damage, and have 103/127 hp.
Throwing (i - inventory. (/) - cycle)
v - 12 large rocks (quivered)
{!d}
Aim: a seven-headed hydra (lightly wounded)
You throw a large rock {!d}.
The large rock {!d} hits the seven-headed hydra!!
The seven-headed hydra bites you!
You block the seven-headed hydra's attack.
The seven-headed hydra bites you! The seven-headed hydra bites you.
You block the seven-headed hydra's attack.
The seven-headed hydra bites you!
You block the seven-headed hydra's attack.
You block the bullfrog's attack. The seven-headed hydra bites you.
You block the seven-headed hydra's attack.
The seven-headed hydra bites you!
The seven-headed hydra closely misses you.
The seven-headed hydra bites you but does no damage.
The seven-headed hydra bites you! x2
* * * LOW HITPOINT WARNING * * *
You take 65 damage, and have 38/127 hp.
MASSIVE DAMAGE!!
Throwing (i - inventory. (/) - cycle)
v - 11 large rocks (quivered)
{!d}
Aim: a seven-headed hydra (moderately wounded)
You throw a large rock {!d}.
The large rock {!d} hits the seven-headed hydra.
The bullfrog hits you but does no damage.
You block the bullfrog's attack.
The seven-headed hydra bites you but does no damage.
The seven-headed hydra bites you!
* * * LOW HITPOINT WARNING * * *
You block the seven-headed hydra's attack.
The seven-headed hydra bites you!
* * * LOW HITPOINT WARNING * * *
The seven-headed hydra bites you but does no damage.
The seven-headed hydra misses you. x2; The bullfrog hits you.
* * * LOW HITPOINT WARNING * * *
You take 23 damage, and have 15/127 hp.
Throwing (i - inventory. (/) - cycle)
v - 10 large rocks (quivered)
{!d}
Aim: a seven-headed hydra (moderately wounded)
You throw a large rock {!d}.
The large rock {!d} hits the seven-headed hydra!
You block the bullfrog's attack. The seven-headed hydra bites you.
* * * LOW HITPOINT WARNING * * *
You block the seven-headed hydra's attack.
The seven-headed hydra bites you.
* * * LOW HITPOINT WARNING * * *
The seven-headed hydra closely misses you.
You block the seven-headed hydra's attack.
The seven-headed hydra bites you!
You die...

# ......... #
......... ........#
........# ........###
........#.###
......DF##..##
......(@.....#
.............##
..............#
..............##
...............###
.................##
.......#..........#
........##.#......####
.......##.##........#


You could see a seven-headed hydra and a bullfrog.

Vanquished Creatures
  A stone giant (D:9)
  A deep elf high priest (D:9)
  2 two-headed ogres (D:9)
  The ghost of Firecrotchwizard the Grappler, a novice MiGl of Makhleb (D:7)
  A death drake (shapeshifter) (D:9)
  Pikel (D:6)
  A manticore (D:9)
  2 cyclopes (D:9)
  An ugly thing (D:9)
  A gargoyle (D:9)
  2 spiny frogs (Lair:1)
  A kobold demonologist (D:9)
  A komodo dragon (D:9)
  A tengu conjurer (D:9)
  A queen bee (D:9)
  A troll (D:9)
  A wind drake (shapeshifter) (D:9)
  A meliai (D:9)
  Prince Ribbit (D:9)
  The ghost of SirFunk the Cutter, an amateur HaWr of Okawaru (D:4)
  A hippogriff (D:9)
  A vampire (D:9)
  2 wyverns (D:9)
  7 yaks (D:9)
  A hungry ghost (D:9)
  The ghost of jasper the Cutter, an amateur HaAr (D:3)
  A water moccasin (Lair:1)
  4 porcupines
  2 ice beasts
  2 orc warriors
  An eye of draining (D:9)
  2 black bears
  A phantom (D:4)
  A centaur (D:8)
  5 sky beasts
  2 ogres
  3 crocodiles
  2 big kobolds
  8 bullfrogs
  A wyvern zombie (D:7)
  2 scorpions (D:9)
  20 killer bees (D:9)
  9 wights
  2 howler monkeys
  A bullfrog zombie (D:9)
  A centaur zombie (D:5)
  6 crimson imps
  2 quasits
  3 bullfrog skeletons
  8 hounds
  6 jellies
  10 orc wizards
  4 orc priests
  2 centaur skeletons
  4 iguanas
  4 worker ants
  A hound skeleton (D:5)
  A mummy (D:6)
  4 gnolls
  6 adders
  6 shadow imps
  An ooze (D:3)
  3 adder zombies
  3 worms
  A dart slug (D:3)
  4 leopard geckos
  30 orcs
  7 bats
  9 giant cockroaches
  8 goblins
  8 hobgoblins
  14 jackals
  16 kobolds
  9 quokkas
  2 ball pythons
  4 frilled lizards
  2 leopard gecko skeletons
  3 leopard gecko zombies
  A quokka zombie (D:8)
  8 rats
306 creatures vanquished.

Vanquished Creatures (others)
  A worker ant zombie (D:6)
  2 jackals (D:6)
  38 fungi (D:9)
  13 plants
54 creatures vanquished.

Grand Total: 360 creatures vanquished

Notes
Turn   | Place    | Note
-------+----------+-------------------------------------------
     0 | D:1      | Firecrotchwizard the Troll Fighter began the quest for the Orb.
     0 | D:1      | Reached XP level 1. HP: 22/22 MP: 0/0
    45 | D:1      | Reached XP level 2. HP: 24/29 MP: 1/1
   158 | D:1      | Reached skill level 3 in Unarmed Combat
   219 | D:1      | Reached XP level 3. HP: 36/36 MP: 2/2
   443 | D:2      | Found an ancient bone altar of Kikubaaqudgha.
   465 | D:2      | Found a sacrificial altar of Ru.
   518 | D:2      | Reached skill level 3 in Fighting
   652 | D:2      | Reached XP level 4. HP: 35/45 MP: 3/3
  1177 | D:2      | Reached skill level 4 in Unarmed Combat
  1272 | D:3      | Reached XP level 5. HP: 53/53 MP: 4/4
  1277 | D:3      | Noticed jasper's ghost (amateur HaAr)
  1298 | D:3      | Killed jasper's ghost
  1298 | D:3      | Reached skill level 5 in Unarmed Combat
  1642 | D:3      | Reached XP level 6. HP: 62/62 MP: 5/5
  1783 | D:3      | Found a white marble altar of Elyvilon.
  1783 | D:3      | Found a glowing silver altar of Zin.
  1783 | D:3      | Found a glowing golden altar of the Shining One.
  2147 | D:4      | Reached skill level 4 in Fighting
  2147 | D:4      | Reached skill level 6 in Unarmed Combat
  2176 | D:4      | Noticed SirFunk's ghost (amateur HaWr)
  2184 | D:4      | Killed SirFunk's ghost
  2184 | D:4      | Reached XP level 7. HP: 51/71 MP: 6/6
  2539 | D:4      | Reached skill level 7 in Unarmed Combat
  2770 | D:4      | Found a staircase to the Ecumenical Temple.
  2836 | D:4      | Found a shattered altar of Ashenzari.
  2867 | Temple   | Entered the Ecumenical Temple
  2878 | Temple   | Became a worshipper of Warmaster Okawaru
  2986 | D:5      | Entered Level 5 of the Dungeon
  3230 | D:5      | Reached skill level 5 in Fighting
  3265 | D:5      | Reached XP level 8. HP: 78/80 MP: 7/7
  3290 | D:5      | Reached * piety under Okawaru
  3290 | D:5      | Reached skill level 8 in Unarmed Combat
  4088 | D:6      | Noticed Pikel
  4132 | D:6      | Killed Pikel
  4132 | D:6      | Reached skill level 6 in Fighting
  4132 | D:6      | Reached skill level 9 in Unarmed Combat
  4210 | D:6      | Found a snail-covered altar of Cheibriados.
  4250 | D:6      | Reached XP level 9. HP: 51/89 MP: 8/8
  4256 | D:6      | Reached ** piety under Okawaru
  4257 | D:6      | Reached skill level 10 in Unarmed Combat
  4374 | D:6      | Found a burning altar of Makhleb.
  4385 | D:6      | Found a sacrificial altar of Ru.
  4564 | D:6      | Found a sparkling altar of Nemelex Xobeh.
  4896 | D:7      | Noticed Firecrotchwizard's ghost (novice MiGl)
  4906 | D:7      | Killed Firecrotchwizard's ghost
  5242 | D:7      | Reached skill level 11 in Unarmed Combat
  5389 | D:7      | Reached *** piety under Okawaru
  5389 | D:7      | Reached skill level 7 in Fighting
  6793 | D:9      | Reached XP level 10. HP: 83/102 MP: 9/9
  6921 | D:9      | Reached skill level 3 in Shields
  7010 | D:9      | Reached **** piety under Okawaru
  7106 | D:9      | Reached skill level 4 in Shields
  7301 | D:9      | Noticed a two-headed ogre
  7305 | D:9      | Killed a two-headed ogre
  7305 | D:9      | Reached ***** piety under Okawaru
  7305 | D:9      | Reached skill level 8 in Fighting
  7305 | D:9      | Reached skill level 5 in Shields
  7325 | D:9      | Noticed a manticore
  7330 | D:9      | Killed a manticore
  7407 | D:9      | Noticed a stone giant
  7424 | D:9      | HP: 10/105 [stone giant (37)]
  7429 | D:9      | Killed a stone giant
  7429 | D:9      | Received a gift from Okawaru
  7429 | D:9      | Reached skill level 6 in Shields
  7436 | D:9      | HP: 8/106 [bullfrog (7)]
  7436 | D:9      | HP: 3/106 [bullfrog (5)]
  7437 | D:9      | Reached XP level 11. HP: 3/113 MP: 8/10
  7478 | D:9      | HP: 3/113 [cyclops (28)]
  7732 | D:9      | Reached skill level 7 in Shields
  7854 | D:9      | Reached skill level 9 in Fighting
  8026 | D:9      | Noticed a sun demon
  8031 | D:9      | HP: 28/115 [orange demon[a kobold demonologist] (1)]
  8036 | D:9      | HP: 23/115 [poisoned by an orange demon]
  8041 | D:9      | HP: 19/115 [poisoned by an orange demon]
  8047 | D:9      | HP: 18/115 [poisoned by an orange demon]
  8053 | D:9      | HP: 18/115 [poisoned by an orange demon]
  8058 | D:9      | HP: 20/115 [poisoned by an orange demon]
  8066 | D:9      | HP: 20/115 [poisoned by an orange demon]
  8071 | D:9      | HP: 15/115 [poisoned by an orange demon]
  8228 | D:9      | Got an ichor-stained war axe {chop}
  8357 | D:9      | Noticed Prince Ribbit
  8387 | D:9      | Reached skill level 8 in Shields
  8658 | D:9      | Killed Prince Ribbit
  8658 | D:9      | Received a gift from Okawaru
  8733 | D:9      | Found a staircase to the Lair.
  8796 | D:9      | Noticed a two-headed ogre
  8806 | D:9      | Killed a two-headed ogre
  8806 | D:9      | Reached skill level 9 in Shields
  8825 | D:9      | Noticed a death drake
  8842 | D:9      | Killed a death drake
  8842 | D:9      | Reached skill level 1 in Armour
  8843 | D:9      | HP: 26/114 [poisoned by a death drake (foul vapour)]
  9342 | D:9      | Reached skill level 2 in Armour
  9343 | D:9      | Noticed a deep elf high priest
  9363 | D:9      | Killed a deep elf high priest
  9363 | D:9      | Reached skill level 10 in Fighting
  9423 | D:9      | Noticed a white ugly thing
  9429 | D:9      | Killed a white ugly thing
  9429 | D:9      | Reached skill level 3 in Armour
  9429 | D:9      | Reached XP level 12. HP: 96/126 MP: 11/11
  9677 | D:9      | Found Saapu Ciso's Antique Armour Emporium.
  9734 | D:10     | Entered Level 10 of the Dungeon
  9810 | Lair:1   | Entered Level 1 of the Lair of Beasts
 10196 | Lair:1   | Noticed a seven-headed hydra
 10202 | Lair:1   | HP: 29/127 [seven-headed hydra (10)]
 10203 | Lair:1   | HP: 13/127 [seven-headed hydra (4)]
 10203 | Lair:1   | Slain by a seven-headed hydra

Vault maps used:
D:1:      minmay_arrival_radiant_lines, serial_glass, glass_columns_a,
          glass_columns_c, glass_columns_a, glass_columns_a, glass_columns_a,
          glass_columns_a, glass_columns_b, glass_columns_b
D:2:      lemuel_crystal_altar, first_ration, nicolae_ru_awakened_eye
D:3:      good_gods_mini_temple, lemuel_flame_loot_1
D:4:      kennysheep_mini, minmay_temple_entry_fiery
D:6:      slow_altar_1, nicolae_overflow_hidden_temple, uniq_pikel
D:7:      minmay_misc_feat_nine_boxes
D:8:      serial_glass, glass_columns_b, glass_columns_b
D:9:      minmay_the_grid_square_5x5_4x4, due_lair_maze_entry_diamond,
          serial_shops, kennysheep_little_box, david_nohive_1,
          hangedman_abyss_or_decor_passed, serial_bayou_pond_d,
          minmay_evil_grid, uniq_prince_ribbit1
D:10:     minmay_shrinking_squares, minmay_misc_feat_cross
Temple:   cyrus_circular_temple
Lair:1:   special_room, serial_bayou_pond_c, lemuel_fruit_tree,
          serial_bayou_shore_b

Skill      XL: |  1  2  3  4  5  6  7  8  9 10 11 |
---------------+----------------------------------+-----
Unarmed Combat | 3 4 5 6 7 9 11 | 11.7
Fighting       | 3 4 5 6 7 8 10 | 10.3
Shields        | 6 9 |  9.0
Armour         | 3 |  3.6
Dodging        | |  2.4

Action                   |  1- 3 |  4- 6 |  7- 9 | 10-12 || total
-------------------------+-------+-------+-------+-------++-------
Melee: Unarmed           |    82 |   160 |   293 |   390 ||   925
Throw: Large rock        |       |       |       |     9 ||     9
Invok: Heroism           |       |       |       |     9 ||     9
Evoke: Wand              |       |       |     2 |       ||     2
  Use: Scroll            |       |       |    11 |     6 ||    17
       Potion            |       |       |       |     4 ||     4
 Stab: Sleeping          |       |       |     6 |     5 ||    11
       Distracted        |       |       |       |     1 ||     1
  Eat: Chunk             |    12 |    14 |    40 |    41 ||   107
Armor: Robe              |    21 |    41 |    78 |    61 ||   201
Dodge: Dodged            |    19 |    27 |    67 |    82 ||   195
Block: Shield            |    41 |    56 |    83 |   190 ||   370

Table legend:
 A = Spawn XP
 B = Non-spawn XP
 C = Spawn XP percentage of total XP
 D = Spawn monster count
 E = Non-spawn monster count
 F = Spawn count percentage of total count
 G = Total turns spent on level
                    A         B        C        D         E        F      G
               +---------+---------+-------+---------+---------+-------+---------
         Total |       0 |   23809 |   0.0 |       0 |     305 |   0.0 | 10203
               +---------+---------+-------+---------+---------+-------+---------
           D:1 |       0 |      52 |   0.0 |       0 |      23 |   0.0 |   368
           D:2 |       0 |      68 |   0.0 |       0 |      21 |   0.0 |   778
           D:3 |       0 |     356 |   0.0 |       0 |      30 |   0.0 |   804
           D:4 |       0 |     736 |   0.0 |       0 |      22 |   0.0 |  1016
           D:5 |       0 |     567 |   0.0 |       0 |      15 |   0.0 |   838
           D:6 |       0 |    1303 |   0.0 |       0 |      29 |   0.0 |   926
           D:7 |       0 |    1614 |   0.0 |       0 |      26 |   0.0 |  1129
           D:8 |       0 |     780 |   0.0 |       0 |      17 |   0.0 |  1021
           D:9 |       0 |   16812 |   0.0 |       0 |     113 |   0.0 |  2866
          D:10 |       0 |     304 |   0.0 |       0 |       4 |   0.0 |    44
        Lair:1 |       0 |    1217 |   0.0 |       0 |       5 |   0.0 |   393
               +---------+---------+-------+---------+---------+-------+---------

Vault maps used:
D:1:      minmay_arrival_radiant_lines, serial_glass, glass_columns_a,
          glass_columns_c, glass_columns_a, glass_columns_a, glass_columns_a,
          glass_columns_a, glass_columns_b, glass_columns_b
D:2:      lemuel_crystal_altar, first_ration, nicolae_ru_awakened_eye
D:3:      good_gods_mini_temple, lemuel_flame_loot_1
D:4:      kennysheep_mini, minmay_temple_entry_fiery
D:6:      slow_altar_1, nicolae_overflow_hidden_temple, uniq_pikel
D:7:      minmay_misc_feat_nine_boxes
D:8:      serial_glass, glass_columns_b, glass_columns_b
D:9:      minmay_the_grid_square_5x5_4x4, due_lair_maze_entry_diamond,
          serial_shops, kennysheep_little_box, david_nohive_1,
          hangedman_abyss_or_decor_passed, serial_bayou_pond_d,
          minmay_evil_grid, uniq_prince_ribbit1
D:10:     minmay_shrinking_squares, minmay_misc_feat_cross
Temple:   cyrus_circular_temple
Lair:1:   special_room, serial_bayou_pond_c, lemuel_fruit_tree,
          serial_bayou_shore_b

Table legend:
 A = Turns spent in this place as a percentage of turns spent in the entire game.
 B = Non-inter-level travel turns spent in this place as a percentage of non-inter-level travel turns spent in the entire game.
 C = Inter-level travel turns spent in this place as a percentage of turns spent in this place.
 D = Turns resting spent in this place as a percentage of non-inter-level travel turns spent in this place.
 E = Turns spent auto-exploring this place as a percentage of non-inter-level travel turns spent in this place.
 F = Non-inter-level travel turns spent in this place divided by the number of levels of this place that you've seen.
                   A       B       C       D       E      F
               +-------+-------+-------+-------+-------+----------------------
         Total | 100.0 | 100.0 |   3.0 |  18.3 |  59.0 | 824.7
       Dungeon |  96.0 |  96.0 |   3.0 |  17.2 |  59.9 | 949.8
        Temple |   0.2 |   0.1 |  70.0 |   0.0 |  33.3 |   6.0
          Lair |   3.9 |   4.0 |   0.3 |  44.4 |  35.7 | 392.0
               +-------+-------+-------+-------+-------+----------------------

Table legend:
 A = Kills in this place as a percentage of kills in entire the game.
 B = Kills by you in this place as a percentage of kills by you in the entire game.
 C = Kills by friends in this place as a percentage of kills by friends in the entire game.
 D = Other kills in this place as a percentage of other kills in the entire game.
 E = Experience gained in this place as a percentage of experience gained in the entire game.
 F = Experience gained in this place divided by the number of levels of this place that you have seen.
                   A       B       C       D       E      F
               +-------+-------+-------+-------+-------+----------------------
         Total | 100.0 | 100.0 |   N/A |   N/A | 100.0 | 1984.1
       Dungeon |  98.4 |  98.4 |   N/A |   N/A |  94.9 | 2259.2
          Lair |   1.6 |   1.6 |   N/A |   N/A |   5.1 | 1217.0
               +-------+-------+-------+-------+-------+----------------------
